 Dungeon Crawl Stone Soup version 0.18-a0-1702-gd20c6a5 (webtiles) character file.

94 Ebgish the Firebug (level 4, 30/30 HPs)
             Began as a Mummy Fire Elementalist on Apr 6, 2016.
             Quit the game on level 2 of the Dungeon.
             The game lasted 00:12:03 (2511 turns).

Ebgish the Firebug (Mummy Fire Elementalist)        Turns: 2511, Time: 00:12:04

Health: 30/30      AC:  7    Str: 11    XL:     4   Next: 38%
Magic:  8/8        EV: 12    Int: 15    God:
Gold:   53         SH:  0    Dex: 12    Spells: 3 memorised, 2 levels left

rFire  x . .     SeeInvis .     f - +0 dagger (protect)
rCold  + . .     Gourm    .     a - +0 robe
rNeg   + + +     Faith    .     (no shield)
rPois  ∞         Spirit   .     (no helmet)
rElec  .         Dismiss  .     (no cloak)
rCorr  .         Reflect  .     (no gloves)
SustAt .         Harm     .     (no boots)
MR     .....                    (no amulet)
Stlth  ++........               (no ring)
                                (no ring)

@: not resistant to hostile enchantments, unstealthy
A: no food or potions, fire vulnerability, cold resistance 1, negative energy
resistance 3, torment resistance, unbreathing
a: no special abilities


You were on level 2 of the Dungeon.
You were not hungry.

You visited 1 branch of the dungeon, and saw 3 of its levels.

You collected 53 gold pieces.

Inventory:

Hand Weapons
 f - a +0 dagger of protection (weapon)
Missiles
 d - 8 tomahawks of returning (quivered)
Armour
 a - a +0 robe (worn)
Scrolls
 e - a scroll of amnesia
Books
 b - a book of Flames

   Spells                             Type                      Level
   a - Flame Tongue                   Conjuration/Fire             1
   b - Throw Flame                    Conjuration/Fire             2
   c - Conjure Flame                  Conjuration/Fire             3
   d - Inner Flame                    Hexes/Fire                   3
   e - Sticky Flame                   Conjuration/Fire             4
   f - Fireball                       Conjuration/Fire             5


   Skills:
 - Level 1.5 Dodging
 - Level 1.5 Stealth
 * Level 2.9 Spellcasting
 * Level 1.9 Conjurations
 * Level 3.3 Fire Magic


You had 2 spell levels left.
You knew the following spells:

 Your Spells              Type           Power        Failure   Level  Hunger
a - Throw Flame           Conj/Fire      ##....       12%         2    N/A
b - Conjure Flame         Conj/Fire      ##......     24%         3    N/A
f - Flame Tongue          Conj/Fire      ##...        10%         1    N/A

Dungeon Overview and Level Annotations

Branches:
Dungeon (3/15)

Altars:
Makhleb
Zin


Innate Abilities, Weirdness & Mutations

You do not eat or drink.
Your flesh is vulnerable to fire.
You are immune to poison.
Your flesh is cold resistant.
You are immune to negative energy.
You are immune to unholy pain and torment.
You can survive without breathing.


Message History

The gnoll is severely wounded.
The gnoll hits you from afar with a halberd!
* * * LOW HITPOINT WARNING * * *
Casting: Flame Tongue
Confirm with . or Enter, or press ? or * to list all spells.
Okay, then.
A gnoll comes into view. It is wielding a whip.
A gnoll comes into view. It is wielding a flail.
A gnoll comes into view. It is wielding a halberd.
The gnoll shouts!
There is a stone staircase leading up here.
You climb upwards.
There is a stone staircase leading down here.
You start resting.
Your magical contamination has completely faded away.
You start resting.
Magic restored.
You start resting.
HP restored.
Are you sure you want to abandon this character and quit the game? (Confirm with "yes".)

###.......#.......##....8...#
#.........#.#..#..##...8.8..#
#.........#.#)....#...8._.8.#
##............#....#....8.8..#
#...†..............#.....8...#
#..........>.......#.#.......#
#........^.#....)..#)#...#####
#.............#..#.#.#..##
##'#'#.(#.......@..#.#.##
#.#.#.###.###.......#+###
#.#.#.....###.###.......#
#.#.#######.............#
##.#.........#.###.......########
...###########.# ###'#..........#
###########....# ##'##########.#
......#...#.##.# #...).........#
......#...#.#### #.............#


There were no monsters in sight!

Vanquished Creatures
  An adder (D:3)
  2 oozes
  3 worms (D:2)
  A dart slug (D:1)
  A giant gecko (D:2)
  3 giant cockroaches
  4 goblins
  13 hobgoblins
  5 jackals
  2 ball pythons
  3 bats (D:2)
  5 giant newts
  10 kobolds
  11 rats
64 creatures vanquished.

Notes
Turn   | Place    | Note
--------------------------------------------------------------
     0 | D:1      | Ebgish the Mummy Fire Elementalist began the quest for the Orb.
     0 | D:1      | Reached XP level 1. HP: 13/13 MP: 3/3
   106 | D:1      | Reached skill level 1 in Conjurations
   238 | D:1      | Reached XP level 2. HP: 13/19 MP: 0/5
   565 | D:1      | Reached skill level 3 in Fire Magic
   626 | D:1      | Reached XP level 3. HP: 24/24 MP: 1/6
  1476 | D:2      | Found a faded altar to an unknown god.
  1771 | D:2      | Reached XP level 4. HP: 28/30 MP: 8/8
  1813 | D:2      | Noticed a cacodemon
  1814 | D:2      | Found a burning altar of Makhleb.
  1817 | D:2      | Found a glowing silver altar of Zin.
  1817 | D:2      | Noticed an angel
  2085 | D:3      | Learned a level 2 spell: Throw Flame
  2089 | D:3      | Learned a level 3 spell: Conjure Flame
  2222 | D:3      | HP: 1/30 [gnoll/halberd (12)]
  2511 | D:2      | Quit the game

Vault maps used:
D:1:      sevenhm_arrival_forest_fort_small_3, st_stairs_5, minivault_19
D:2:      grunt_temple_overflow_order_and_chaos_2, first_bread,
          ecumenical_altar_2
D:3:      lemuel_castle_with_subvaults, minivault_25, uniq_jessica

Skill      XL: |  1  2 |
---------------+-------+-----
Conjurations   | 1 |  1.9
Fire Magic     | 3 |  3.3
Dodging        | |  1.5
Stealth        | |  1.5
Spellcasting   | |  2.9

Action                   |  1- 3 |  4- 6 || total
-------------------------+-------+-------++-------
Melee: Short sword       |    49 |    13 ||    62
       Dagger            |       |     5 ||     5
 Cast: Flame Tongue      |    63 |    22 ||    85
  Use: Scroll            |     2 |       ||     2
 Stab: Sleeping          |     1 |       ||     1
